 Dungeon Crawl Stone Soup version 0.30.1-11-g7821555f0a (webtiles) character file.

Game seed: 4823104514958659820

63 ChrisAssaf the Sneak (level 3, 25/27 HPs)
             Began as a Demonspawn Brigand on Jan 6, 2024.
             Quit the game on level 2 of the Dungeon.
             The game lasted 00:02:37 (416 turns).

ChrisAssaf the Sneak (Demonspawn Brigand)            Turns: 416, Time: 00:02:37

Health: 25/27      AC:  6    Str: 11    XL:     3   Next: 87%
Magic:  4/4        EV: 12    Int: 14    God:
Gold:   25         SH:  0    Dex: 14    Spells: 3/3 levels left

rFire   x . .        a - +2 dagger (flame)
rCold   + . .        (no shield)
rNeg    . . .        f - +2 robe {Archmagi}
rPois   .            (no helmet)
rElec   .            c - +1 cloak
rCorr   .            (no gloves)
SInv    .            (no boots)
Will    .....        (no amulet)
Stlth   +++          i - ring of ice
HPRegen 0.24/turn    (no ring)
MPRegen 0.18/turn

%: archmagi
@: no status effects
A: magic regeneration
a: no special abilities


You were on level 2 of the Dungeon.
You visited 1 branch of the dungeon, and saw 2 of its levels.

You collected 25 gold pieces.

Inventory:

Hand Weapons
 a - a +2 dagger of flaming (weapon)
Missiles
 d - 14 poisoned darts (quivered)
 e - 3 curare-tipped darts
 g - 5 boomerangs of dispersal
Armour
 b - a +2 robe
 c - a +1 cloak (worn)
 f - a +2 robe of the Archmagi (worn)
Jewellery
 i - a ring of ice (left hand)
Potions
 h - a potion of curing {unknown}


   Skills:
 * Level 2.2 Fighting
 * Level 2.0 Short Blades
 * Level 2.1 Throwing
 * Level 0.6 Armour
 * Level 1.1 Dodging
 * Level 4.4 Stealth
 * Level 0.6 Spellcasting


You had 3 spell levels left.
You didn't know any spells.
Your spell library was empty.

Dungeon Overview and Level Annotations

Branches:
Dungeon (2/15)

Altars:


Innate Abilities, Weirdness & Mutations

You regenerate magic rapidly.


Message History

You closely miss Natasha. Natasha claws you!
You hit Natasha. You burn Natasha.
Natasha is moderately wounded.
Natasha claws you but does no damage.
You miss Natasha.
Natasha is moderately wounded.
Natasha barely misses you.
You hit Natasha but do no damage. Your punch misses Natasha.
Natasha is moderately wounded.
Natasha barely misses you.
You closely miss Natasha.
Natasha is moderately wounded.
Natasha barely misses you.
You hit Natasha. You burn Natasha.
Natasha is almost dead.
You hit Natasha. You burn Natasha.
You kill Natasha!
Natasha growls in agony!
Your Short Blades skill increases to level 2!
A giant cockroach comes into view.
You hit the giant cockroach but do no damage.
The giant cockroach bites you.
You hit the giant cockroach. You burn the giant cockroach.
The giant cockroach is severely wounded.
The giant cockroach bites you but does no damage.
You hit the giant cockroach. You burn the giant cockroach.
You kill the giant cockroach!
A rat comes into view.
Found a tourmaline ring.
Throw: 14 darts (poison)
Press: ? - help, Q - select action, (/) - cycle Shift-Dir - straight line, f - rat
Aim: a rat (60% to hit)
You throw a poisoned dart. The poisoned dart hits the rat.
The rat is poisoned.
Unknown command.
You kill the rat!
d - 14 poisoned darts (gained 1)
i - a ring of ice You feel more attuned to ice.
i - a ring of ice (left hand) Are you sure you want to abandon this character and quit the game? (Confirm with "yes".)

##.#.######
#.........#
#.........#
#.........+
#.........#
#####.........#
#.............#
#.............#
#....@........#
#......#.######
#......#.######
#......#......#
#############.#
#.# ### #.# #..
#.######.#
#.........


There were no monsters in sight!

Vanquished Creatures
  Jessica (D:2)
  Natasha (D:2)
  2 endoplasms (D:1)
  2 giant cockroaches
  3 goblins
  A ball python (D:1)
  A frilled lizard (D:1)
  2 rats (D:2)
13 creatures vanquished.

Notes
Turn   | Place    | Note
-------+----------+-------------------------------------------
     0 | D:1      | ChrisAssaf the Demonspawn Brigand began the quest for the
                  | Orb.
     0 | D:1      | Reached XP level 1. HP: 16/16 MP: 1/1
    42 | D:1      | You fall into a shaft and drop 1 floor!
   160 | D:1      | Gained mutation: You regenerate magic rapidly. [demonic
                  | ancestry]
   160 | D:1      | Reached XP level 2. HP: 22/22 MP: 2/2
   249 | D:2      | Noticed Jessica
   258 | D:2      | Reached skill level 4 in Stealth
   274 | D:2      | Killed Jessica
   275 | D:2      | Reached skill level 1 in Dodging
   275 | D:2      | Reached XP level 3. HP: 12/27 MP: 3/3
   373 | D:2      | Noticed Natasha
   388 | D:2      | Killed Natasha
   416 | D:2      | Quit the game

Illustrated notes

Levels and vault maps discovered:
D:1:      dpeg_arrival_water_altar, layout_rooms, nrook_mini_vaults
D:2:      layout_basic, basic_altar, uniq_jessica, uniq_natasha

Skill      XL: |  1  2  3 |
---------------+----------+-----
Stealth        | 4 |  4.4
Throwing       | 2 |  2.1
Dodging        | 1 |  1.1
Short Blades   | 2 |  2.0
Fighting       | |  2.2
Armour         | |  0.6
Spellcasting   | |  0.6

Action                     || total
---------------------------++-------
  Melee: Dagger            ||    47
  Throw: Dart              ||     8
    Use: Scroll            ||     7
   Stab: Sleeping          ||     1
 Armour: Robe              ||    15
  Dodge: Dodged            ||    21
